 Dungeon Crawl Stone Soup version 0.27-a0-65-gfb268537a3 (webtiles) character file.

Game seed: 17884180186666336431

1024 sahdkjhfkaj the Ruffian (level 8, -1/80 HPs)
             Began as a Troll Fighter on Jan 8, 2021.
             Slain by an orc
             ... wielding a +0 club
              (2 damage)
             ... on level 5 of the Dungeon.
             The game lasted 00:06:14 (3678 turns).

sahdkjhfkaj the Ruffian (Troll Fighter)             Turns: 3678, Time: 00:06:14

Health: -1/80      AC:  6    Str: 27    XL:     8   Next: 2%
Magic:  7/7        EV:  8    Int:  4    God:
Gold:   266        SH:  9    Dex:  9    Spells: 7/7 levels left

rFire    . . .     SeeInvis .     - Unarmed
rCold    . . .     Faith    .   b - +0 kite shield
rNeg     . . .     Spirit   .   a - +0 robe
rPois    .         Reflect  .   (helmet restricted)
rElec    .         Harm     .   (no cloak)
rCorr    .         Rampage  .   (gloves unavailable)
Will     .....                  (boots unavailable)
Stlth    +.........             (no amulet)
HPRegen  0.63/turn              (no ring)
MPRegen  0.10/turn              (no ring)

@: no status effects
A: large, unfitting armour, claws 3, regeneration 1, shaggy fur 1, tough skin 3
a: no special abilities


You were on level 5 of the Dungeon.
You visited 1 branch of the dungeon, and saw 5 of its levels.

You collected 266 gold pieces.

Inventory:

Missiles
 l - a throwing net (quivered) {!f}
Armour
 a - a +0 robe (worn)
 b - a +0 kite shield (worn)
Jewellery
 s - a +4 ring of protection
Scrolls
 d - 6 scrolls of teleportation {!r}
 e - 2 scrolls of remove curse {unknown}
 f - 2 scrolls of noise {unknown}
 h - 2 scrolls of identify {unknown}
 i - 2 scrolls of immolation {unknown}
 m - 2 scrolls of magic mapping
 o - a scroll of enchant armour {unknown}
 q - a scroll of blinking {unknown}
 r - a scroll of amnesia {unknown}
 t - a scroll of fog {unknown}
Potions
 c - a potion of might
 g - a potion of brilliance {unknown}
 j - a potion of attraction
 k - a potion of curing
 n - a potion of heal wounds
 p - a potion of degeneration {unknown}


   Skills:
 - Level 5.0 Fighting
 - Level 3.0 Dodging
 - Level 3.0 Shields
 + Level 7.4 Unarmed Combat


You had 7 spell levels left.
You didn't know any spells.
Your spell library was empty.

Dungeon Overview and Level Annotations

Branches:
Dungeon (5/15)
 Temple: D:4-7

Altars:
Dithmenos
Makhleb
Nemelex Xobeh

Annotations:
D:5 1 runed translucent door, Crazy Yiuf


Innate Abilities, Weirdness & Mutations

You are too large for most types of armour.
You have claws for hands.
Your natural rate of healing is unusually fast.
You are covered in fur. (AC +1)
You have extremely tough skin. (AC +3)


Message History

Unknown command.
You closely miss the orc priest.
The orc priest is heavily wounded.
The orc hits you but does no damage. You block the orc priest's attack.
Unknown command.
You scratch the orc priest.
The orc priest is severely wounded.
An orc comes into view. It is wielding a +0 short sword.
The orc barely misses you.
You scratch the orc priest.
The orc priest is almost dead.
The orc priest hits you with a +0 trident.
* * * LOW HITPOINT WARNING * * *
You barely miss the orc priest.
The orc priest is almost dead.
The orc priest invokes the aid of Beogh against you.
Beogh smites you!
* * * LOW HITPOINT WARNING * * *
The orc hits you with a +0 club.
You die... ...###### ##≈§≈≈≈§§###.# ........# ###⌠#⌠#####.# ........# ## ####...# ........###### .###### .(...........# <. .. .........###.# .##.# .........# #.# ooo

.........# #.####o#
.........###..))@o#
..............#####
.........####.#
##..........#.#
#.#.....#....#
#.#.....#..#.#
#.##.......#.#
#.......#.####
#####.##.#.#


You could see an orc priest and 4 orcs.

Vanquished Creatures
  An orc warrior (D:5)
  A sky beast (D:1)
  An ogre (D:5)
  A necrophage (D:5)
  A jelly (D:2)
  4 orc priests
  5 orc wizards
  Natasha (thrice) (D:2)
  3 worker ants
  A hound skeleton (D:4)
  Robin (D:3)
  7 adders
  2 shadow imps
  3 oozes
  2 worms (D:2)
  A dart slug (D:2)
  2 leopard geckos
  18 orcs
  9 bats
  2 giant cockroaches
  12 goblins
  9 hobgoblins
  5 jackals
  5 kobolds
  3 quokkas
  A ball python (D:2)
  7 frilled lizards
  10 rats
120 creatures vanquished.

Notes
Turn   | Place    | Note
-------+----------+-------------------------------------------
     0 | D:1      | sahdkjhfkaj the Troll Fighter began the quest for the Orb.
     0 | D:1      | Reached XP level 1. HP: 22/22 MP: 0/0
   345 | D:1      | Reached XP level 2. HP: 29/29 MP: 1/1
   791 | D:2      | Reached XP level 3. HP: 37/37 MP: 2/2
   819 | D:2      | Noticed Natasha
   831 | D:2      | Killed Natasha
   864 | D:2      | Noticed a sky beast
  1129 | D:1      | Killed a sky beast
  1130 | D:1      | Reached skill level 3 in Unarmed Combat
  1130 | D:1      | Reached skill level 4 in Unarmed Combat
  1130 | D:1      | Reached XP level 4. HP: 45/45 MP: 3/3
  1130 | D:1      | Reached XP level 5. HP: 53/53 MP: 4/4
  1390 | D:2      | Noticed Natasha
  1398 | D:2      | Killed Natasha
  1399 | D:2      | Reached skill level 5 in Unarmed Combat
  1429 | D:2      | Reached XP level 6. HP: 24/61 MP: 5/5
  1588 | D:2      | Found a sparkling altar of Nemelex Xobeh.
  1589 | D:2      | Found a shadowy altar of Dithmenos.
  1609 | D:2      | Noticed Natasha
  1620 | D:2      | Killed Natasha
  2026 | D:3      | Noticed Robin
  2049 | D:3      | Killed Robin
  2898 | D:4      | Reached XP level 7. HP: 26/70 MP: 6/6
  3026 | D:5      | Entered Level 5 of the Dungeon
  3079 | D:5      | Reached skill level 6 in Unarmed Combat
  3203 | D:5      | Reached skill level 7 in Unarmed Combat
  3374 | D:5      | Found a burning altar of Makhleb.
  3459 | D:5      | Found a runed translucent door.
  3460 | D:5      | Noticed Crazy Yiuf
  3635 | D:5      | Reached skill level 5 in Fighting
  3671 | D:5      | Reached XP level 8. HP: 16/80 MP: 7/7
  3678 | D:5      | HP: 1/80 [orc priest/divine providence (13)]
  3678 | D:5      | Slain by an orc

Illustrated notes

Levels and vault maps discovered:
D:1:      dpeg_arrival_houses_and_road, layout_basic, minmay_tripent
D:2:      layout_basic, gammafunk_temple_overflow_statue, minmay_tetromino_t2,
          uniq_natasha
D:3:      layout_loops_ring, uniq_robin
D:4:      layout_basic
D:5:      layout_basic, lightli_temple_of_fire, uniq_crazy_yiuf_cottage

Skill      XL: |  1  2  3  4  5  6  7 |
---------------+----------------------+-----
Fighting       | 3 4 5 |  5.0
Dodging        | 3 |  3.0
Shields        | 3 |  3.0
Unarmed Combat | 4 5 7 |  7.4

Action                   |  1- 3 |  4- 6 |  7- 9 || total
-------------------------+-------+-------+-------++-------
Melee: Unarmed           |   109 |   213 |    99 ||   421
  Use: Potion            |       |     2 |     1 ||     3
       Scroll            |       |     2 |       ||     2
Armor: Robe              |    58 |    71 |    25 ||   154
Dodge: Dodged            |    24 |    67 |    33 ||   124
Block: Kite shield       |    45 |    84 |    52 ||   181

Table legend: (Time is in decaauts)
 A = Elapsed time spent in this place.
 B = Non-inter-level travel time spent in this place.
 C = Inter-level travel time spent in this place.
 D = Time resting spent in this place.
 E = Time spent auto-exploring this place.
 F = Levels seen in this place.
 G = Mean time per level.
                   A        B        C        D        E       F      G
               +--------+--------+--------+--------+--------+-----+--------+
         Total |   3682 |   3580 |    102 |     79 |   2517 |   5 |  736.4 |
       Dungeon |   3682 |   3580 |    102 |     79 |   2517 |   5 |  736.4 |
               +--------+--------+--------+--------+--------+-----+--------+

Top non-repeatable levels by time:
     D:1: 995 daAuts
     D:4: 878 daAuts
     D:2: 668 daAuts
     D:5: 589 daAuts
     D:3: 550 daAuts
